 Dungeon Crawl Stone Soup version 0.18-a0-1243-g9e52518 (webtiles) character file.

235233 kroki the Severer (level 18, -2/178 HPs)
             Began as a Minotaur Berserker on Feb 1, 2016.
             Was the Champion of Trog.
             Killed from afar by a necromancer (18 damage)
             ... with a bolt of cold
             ... on level 2 of the Vaults on Feb 5, 2016.
             The game lasted 01:16:09 (45339 turns).

kroki the Severer (Minotaur Berserker)             Turns: 45339, Time: 01:16:09

Health: -2/178     AC: 42    Str: 27    XL:     18   Next: 90%
Magic:  0/7        EV: 16    Int: 10    God:    Trog [******]
Gold:   1354       SH:  0    Dex: 20    Spells: 0 memorised, 17 levels left

rFire  . . .     SeeInvis +     o - +8 battleaxe (antimagic)
rCold  . . .     Gourm    .     K - +5 crystal plate armour "Odysmysk" {rPois Int+5}
rNeg   + . .     Faith    +     (shield currently unavailable)
rPois  +         Spirit   +     G - +2 hat {Spirit}
rElec  +         Dismiss  .     n - +2 cloak of the Grue {+Inv Regen+ Dex-4}
rCorr  .         Reflect  .     y - +0 pair of gloves
SustAt .         Harm     .     s - +1 pair of boots of the Wilderness {Regen+ SInv}
MR     +++++                    S - amulet of faith {Faith, !P}
Stlth  ..........               P - ring of Zoleghy {rElec rN+ Int-2 Dex+6 SInv, =R}
                                M - ring of the Mage {Wiz MR++ Int+3}

@: mighty, very slightly contaminated, regenerating, invisible, almost entirely
resistant to hostile enchantments, extremely unstealthy
A: retaliatory headbutt, horns 2, wild magic 1
a: Berserk, Trog's Hand, Brothers in Arms, Burn Spellbooks, Renounce Religion
}: 1/15 runes: decaying


You were on level 2 of the Vaults.
You worshipped Trog.
Trog was exalted by your worship.
You were not hungry.

You visited 7 branches of the dungeon, and saw 36 of its levels.
You also visited: Labyrinth, Sewer, Ossuary, Ice Cave and Volcano.

You collected 3080 gold pieces.
You spent 1726 gold pieces at shops.

Inventory:

Hand Weapons
 o - a +8 antimagic battleaxe (weapon)
   (Trog gifted it to you on level 1 of the Vaults)
 q - a +0 blowgun
   (You took it off a kobold on level 3 of the Dungeon)
 u - a +0 battleaxe of electrocution
   (Trog gifted it to you on level 3 of the Lair of Beasts)
 Q - a +2 executioner's axe of freezing
   (Trog gifted it to you on level 10 of the Dungeon)
 T - a +1 scimitar of flaming
   (You took it off Erica on level 9 of the Dungeon)
Missiles
 i - 4 throwing nets {=f, !d}
 j - 16 curare-tipped needles
Armour
 n - the +2 cloak of the Grue (worn) {+Inv Regen+ Dex-4}
   (You bought it in a shop on level 8 of the Dungeon)

   It affects your dexterity (-4).
   It lets you turn invisible.
   It increases your rate of regeneration.
 s - the +1 pair of boots of the Wilderness (worn) {Regen+ SInv}
   (You acquired it on level 14 of the Dungeon)

   It lets you see invisible.
   It increases your rate of regeneration.
 y - a +0 pair of gloves (worn)
   (You found it on level 4 of the Dungeon)
 G - a +2 hat of spirit shield (worn)
   (You acquired it on level 15 of the Dungeon)
 K - the +5 crystal plate armour "Odysmysk" (worn) {rPois Int+5}
   (You found it in a labyrinth)

   It affects your intelligence (+5).
   It protects you from poison.
 O - a +1 pair of boots of flying
   (You bought it in a shop on level 8 of the Dungeon)
Jewellery
 v - the ring "Zibivur" {Ice Int+4 Slay+3}
   (You found it on level 8 of the Lair of Beasts)

   [ring of ice]

   It enhances your ice magic, and weakens your fire magic.
   It affects your intelligence (+4).
   It affects your accuracy and damage with ranged weapons and melee attacks
   (+3).
   It makes you vulnerable to fire.
   It protects you from cold.
 M - the ring of the Mage (left hand) {Wiz MR++ Int+3}
   (You found it on level 3 of the Swamp)

   [ring of wizardry]

   It improves your spell success rate.
   It affects your intelligence (+3).
   It affects your resistance to hostile enchantments.
 P - the ring of Zoleghy (right hand) {rElec rN+ Int-2 Dex+6 SInv, =R}
   (You bought it in a shop on level 7 of the Dungeon)

   [ring of positive energy]

   It affects your intelligence (-2).
   It affects your dexterity (+6).
   It insulates you from electricity.
   It protects you from negative energy.
   It lets you see invisible.
 S - an amulet of faith (around neck) {Faith, !P}
   (You found it on level 6 of the Lair of Beasts)
 V - a ring of the Octopus King {rF+ AC+1 EV+1 Str+1 Int+1 Dex+1}
   (You found it in a labyrinth)

   [ring of protection from fire]

   It affects your AC (+1).
   It affects your evasion (+1).
   It affects your strength (+1).
   It affects your intelligence (+1).
   It affects your dexterity (+1).
   It protects you from fire.
Wands
 f - a wand of digging (1/24)
   (You found it on level 8 of the Lair of Beasts)
 X - a wand of acid (0/15)
   (You found it on level 4 of the Swamp)
Scrolls
 b - a scroll of blinking {!r}
 d - 14 scrolls of remove curse
 e - 4 scrolls of enchant armour
 m - 4 scrolls of fog
 p - 5 scrolls of fear
 C - 3 scrolls of magic mapping {!r}
 D - a scroll of acquirement
 E - 7 scrolls of immolation {!r}
 I - 5 scrolls of recharging
 J - 10 scrolls of teleportation
Potions
 c - 7 potions of might
 k - 9 potions of heal wounds
 l - 11 potions of curing
 r - 4 potions of ambrosia {!q}
 w - 3 potions of cancellation
 A - 2 potions of cure mutation {!q}
 B - 2 potions of invisibility
 H - 5 potions of haste
 L - 5 potions of agility
 R - a potion of resistance
Books
 x - a book of Party Tricks
   (You found it on level 2 of the Spider Nest)
Miscellaneous
 a - a plain deck of changes {Focus, drawn: 7}
   (You found it on level 11 of the Dungeon)
 g - a sack of spiders {used: 1}
   (You bought it in a shop on level 7 of the Dungeon)
 h - a sack of spiders {used: 3}
   (You bought it in a shop on level 7 of the Dungeon)
 z - a fan of gales (inert)
   (You found it on level 5 of the Lair of Beasts)
 F - an ornate deck of defence {the Banshee, drawn: 6}
   (You found it on level 1 of the Lair of Beasts)
 N - a plain deck of defence
   (You found it on level 10 of the Dungeon)
 Z - a phial of floods
   (You found it on level 6 of the Lair of Beasts)
Comestibles
 t - 52 fruits
 U - 8 beef jerkies
 Y - 8 bread rations {@e1}


   Skills:
 - Level 20.2 Fighting
 - Level 20.2 Axes
 * Level 19.8 Armour
 * Level 14.9 Dodging
 - Level 8.6 Evocations


You had 17 spell levels left.
You didn't know any spells.

Dungeon Overview and Level Annotations

Branches:
Dungeon (15/15)            Temple (0/1) D:4            Lair (8/8) D:11
  Swamp (4/4) Lair:4       Spider (4/4) Lair:3        Slime (0/6) Lair:8
    Orc (2/2) D:9             Elf (0/3) Orc:2        Vaults (2/5) D:13
  Crypt (0/3) Vaults:2     Depths (1/5) D:15

Altars:
Ashenzari
Fedhas
Gozag
Qazlal
Vehumet
Jiyva

Shops:
D:7 }%%*   D:8 ([*(   D:13 %   Orc:2 =(*[*

Portals:
Trove: D:12 (give 18 potions of curing)

Annotations:
D:5 exclusion: oklob plant
Depths:1 exclusion: orange crystal statue, Sojobo


Innate Abilities, Weirdness & Mutations

You reflexively headbutt those who attack you in melee.
You have a pair of horns on your head.
Your spells are a little harder to cast, but a little more powerful.


Message History

The fireball engulfs the tengu reaver.
The tengu reaver dies!
The fireball engulfs the ironbrand convoker.
The fireball engulfs the rakshasa.
The fireball engulfs the vault guard.
The vault guard dies!
The rakshasa gestures.
The rakshasa blinks!
The ironbrand convoker barely misses you.
You furiously retaliate!
You headbutt the ironbrand convoker!
Your soldier ant stings the ironheart preserver but does no damage.
Items here: (( ) † a shortbow; 13 arrows of frost; a large rock {!d}; an elf corpse You take 30 damage, and have 2/178 hp.
You now have 0/7 mp.
You are too injured to fight recklessly!
Unknown command.
You closely miss the vault warden. You slice the ironbrand convoker!!
You kill the ironbrand convoker!
Trog accepts your kill.
Trog appreciates your killing of a magic user.
The ironheart preserver hits your soldier ant with an antimagic dire flail!
Your worker ant evades a web.
The vault warden hits you but does no damage.
You regained 2 hp, and now have 4/178 hp.
You cut the vault warden into ribbons!!!
The vault warden's magic leaks into the air.
Your headbutt misses the vault warden.
Your soldier ant stings the ironheart preserver!
Your worker ant is caught in a web!
You are too injured to fight recklessly!
Unknown command.
You regained 2 hp, and now have 6/178 hp.
You slice the vault warden!!
The vault warden's magic leaks into the air.
You headbutt the vault warden!!
You kill the vault warden!
Trog accepts your kill.
The runic seal fades away.
The vault sentinel blows a loud note on a signal horn!
The ironheart preserver casts a spell.
The ironheart preserver is healed somewhat.
Your soldier ant stings the ironheart preserver!
You are too injured to fight recklessly!
Unknown command.
Unknown command.
You reach into the bag... ...and things crawl out!
The stone giant tears through a web.
Your worker ant pulls away from the web.
The rakshasa hits your redback with a trident.
The ironheart preserver casts a spell.
The ironheart preserver is healed somewhat.
Your soldier ant stings the ironheart preserver!
The ironheart preserver is poisoned.
Your soldier ant poisons the ironheart preserver!
Your worker ant bites the rakshasa but does no damage.
You regained 2 hp, and now have 9/178 hp.
Unknown command.
You catch the helpless rakshasa momentarily off-guard.
You cut the rakshasa into ribbons!!!
You kill the rakshasa!
Your air elemental hits the ironheart preserver.
The ironheart preserver mumbles some strange words.
The ironheart preserver is healed somewhat.
Your redback bites the stone giant but does no damage.
Your air elemental hits the ironheart preserver.
You regained 2 hp, and now have 11/178 hp.
Unknown command.
You strike the helpless stone giant from behind!
You open the stone giant like a pillowcase!!!
You headbutt the stone giant!!
Your air elemental hits the ironheart preserver!
Your worker ant bites the stone giant.
Your soldier ant stings the ironheart preserver but does no damage.
Your redback bites the stone giant.
You are too injured to fight recklessly!
Unknown command.
You strike the helpless stone giant from behind!
You hit the stone giant.
You kill the stone giant!
Trog accepts your kill.
Your air elemental hits the ironheart preserver! x2
The ironheart preserver casts a spell.
The ironheart preserver is healed somewhat.
Your soldier ant stings the ironheart preserver!
The ironheart preserver looks even sicker.
Your soldier ant poisons the ironheart preserver!
You regained 2 hp, and now have 14/178 hp.
You are too injured to fight recklessly!
Unknown command.
You are too injured to fight recklessly!
You swap places.
A vault sentinel comes into view. It is wielding a long sword.
The ironbrand convoker shouts!
Your air elemental hits the ironheart preserver!
The ironheart preserver dies!
Trog accepts your kill.
Trog appreciates your killing of a magic user.
The necromancer points at you and mumbles some strange words.
The bolt of cold hits the ironbrand convoker.
The bolt of cold hits you!
You die...

.......#...#####.###.#####......#
.......#...##.#...#...#.##......#
..>....#...#...(.....)...+......#
.......#.pp#..#..(#...#..#......'
.......'...#)###.###.###.#......#
########...p..#p..#...#..+......#
#...#..pp>.....R..########
#...##.#pp.#..s#.##
#...#####@###E#### #...#
#asa#)a.# #...# ##a^Esa## #...#
####### #####


You could see an ironheart preserver, a vault guard (wandering), 2 vault
sentinels, 2 ironbrand convokers, a necromancer, 2 friendly soldier ants, a
friendly air elemental, 2 friendly redbacks and a friendly worker ant.

Vanquished Creatures
  Jorgrun (Vaults:2)
  A tentacled monstrosity (Swamp:3)
  An acid blob (Lair:8)
  2 thorn hunters (Swamp:3)
  Kirke (Spider:1)
  Roxanne (Spider:1)
  Donald (Spider:1)
  6 vault wardens
  2 ghost moths
  An orc warlord (Orc:1)
  Aizul (Swamp:4)
  Louise (Spider:1)
  2 ironheart preservers (Vaults:1)
  2 stone giants (Vaults:2)
  Azrael (Orc:2)
  A spark wasp (Spider:4)
  Josephine (D:13)
  A minotaur (Lab)
  A fire dragon (Vaults:2)
  A great orb of eyes (Vaults:1)
  3 yaktaur captains
  A vault guard (Vaults:2)
  16 hydras
  3 catoblepae
  Erica (D:9)
  2 rakshasas
  An ice dragon (D:15)
  An alligator (shapeshifter) (Vaults:2)
  A centaur warrior (Vaults:2)
  2 ogre magi (Vaults:1)
  10 alligators
  4 death yaks (Lair:8)
  2 tengu warriors (D:13)
  2 orc high priests (Orc:2)
  A soul eater (Vaults:2)
  Nergalle (Lair:2)
  2 deep elf knights
  A shadow wraith (Vaults:1)
  2 skeletal warriors (Vaults:2)
  An unseen horror (D:14)
  A giant orange brain (Vaults:1)
  A death drake (Swamp:3)
  A large abomination (Swamp:3)
  3 hill giants
  2 spectral hydras (Swamp:3)
  8 swamp dragons
  A lindwurm (Lair:7)
  7 ironbrand convokers
  7 orc knights
  4 shambling mangroves
  3 necromancers
  A phantasmal warrior (Swamp:3)
  3 deep elf archers (Vaults:1)
  10 orb spiders
  2 wolf spider zombies
  37 ugly things
  16 wolf spiders
  9 deep elf magi
  5 orc sorcerers
  A hornet (Spider:3)
  8 cyclopes
  2 griffons
  A manticore (D:13)
  A molten gargoyle (Lair:1)
  A moth of wrath (Spider:3)
  3 black mambas
  2 ice statues (IceCv)
  A naga mage (D:15)
  5 vault sentinels
  5 elephants (Lair:4)
  4 swamp worm zombies (Swamp:3)
  2 gargoyles
  3 kobold demonologists
  29 spiny frogs
  A spiny frog (shapeshifter) (Vaults:2)
  9 komodo dragons
  3 centaur skeletons
  10 demonic crawlers
  2 fire drakes
  An efreet (D:14)
  9 yaktaurs
  7 trolls
  3 tengu conjurers
  33 jumping spiders
  11 giant leeches
  A polar bear (Lair:8)
  5 two-headed ogres
  14 bog bodies
  3 boulder beetles
  17 blink frogs
  3 spectral swamp dragons (Swamp:3)
  19 slime creatures
  An alligator zombie (Swamp:3)
  48 redbacks
  A spriggan (shapeshifter) (Vaults:2)
  16 tarantellas
  3 spriggans
  4 shadows
  6 wraiths
  A wyvern (Lair:5)
  90 yaks
  5 basilisks
  4 giant leech zombies (Swamp:3)
  34 vampire mosquitoes
  2 wargs (Orc:1)
  2 fire elementals (Orc:2)
  Grum (Lair:1)
  A hog (Spider:1)
  7 hippogriffs
  Menkaure (D:4)
  A hungry ghost (D:11)
  14 wolves
  21 swamp worms
  3 insubstantial wisps (Swamp:4)
  A spiny frog zombie (Swamp:3)
  22 water moccasins
  A water moccasin (shapeshifter) (D:15)
  2 hell hounds (Orc:2)
  19 porcupines
  17 swamp drakes
  10 ice beasts
  48 orc warriors
  4 sky beasts
  22 wasps
  14 ogres
  3 black bears
  A necrophage (D:7)
  2 eyes of draining
  2 elephant zombies (Lair:6)
  A phantom (D:9)
  13 centaurs
  4 boggarts (Vaults:1)
  14 crocodiles
  8 big kobolds
  28 giant frogs
  2 gnoll sergeants
  7 scorpions
  2 wyvern skeletons
  4 troll zombies (Swamp:3)
  3 spriggan zombies (Swamp:3)
  9 killer bees
  8 electric eels
  8 wights
  7 crimson imps
  6 jellies
  A quasit (D:14)
  12 centaur zombies
  8 hounds
  2 basilisk zombies (Lair:6)
  16 orc priests
  Crazy Yiuf (D:4)
  27 orc wizards
  A giant frog skeleton (D:4)
  Jessica (D:3)
  Natasha (twice) (D:2)
  8 iguanas
  15 worker ants
  5 hell rats (Lair:8)
  7 sheep
  An ogre zombie (Ossuary)
  A hound zombie (D:5)
  9 mummies
  Robin (D:2)
  3 worker ant zombies
  25 adders
  27 gnolls
  140 river rats
  4 shadow imps
  8 oozes
  An adder skeleton (D:6)
  An adder zombie (Ossuary)
  8 worms
  11 giant geckos
  104 orcs
  4 ball pythons
  3 giant cockroaches
  A gnoll zombie (Ossuary)
  19 goblins
  6 hobgoblins
  7 jackals
  2 quokkas
  7 bats
  5 giant newts
  9 goblin zombies (Ossuary)
  5 hobgoblin zombies
  A jackal skeleton (D:4)
  35 kobolds
  10 kobold zombies
  An orc zombie (Ossuary)
  A quokka skeleton (D:6)
  A quokka zombie (D:7)
  13 rats
  2 rat zombies (Ossuary)
  A briar patch (Swamp:4)
  2 bushes (Lair:5)
  A butterfly (Lair:5)
  11 fungi
  8 plants
1589 creatures vanquished.

Vanquished Creatures (collateral kills)
  the Lernaean hydra (Swamp:4)
  Rupert (D:12)
  Agnes (Spider:1)
  A thorn hunter (Swamp:4)
  A vault warden (Vaults:2)
  An orc warlord (Orc:2)
  An ironheart preserver (Vaults:2)
  Nessos (D:13)
  5 hydras
  3 orc high priests (Orc:2)
  Sonja (D:13)
  2 swamp dragons (Swamp:4)
  A phantasmal warrior (D:13)
  An orb spider (Spider:3)
  A hill giant (D:10)
  An ugly thing (D:11)
  A wolf spider (Vaults:2)
  3 spiny frogs (Lair:8)
  2 komodo dragons
  3 jumping spiders
  A troll (Orc:2)
  5 slime creatures
  3 blink frogs
  4 redbacks
  2 yaks (D:10)
  2 hippogriffs
  A warg (Orc:2)
  A vampire mosquito (Lair:8)
  A swamp drake (Swamp:4)
  2 orc warriors (Orc:2)
  An ogre (Orc:2)
  A crocodile (Lair:4)
  2 giant frogs (Lair:8)
  A jelly (D:12)
  2 electric eels (Lair:8)
  A crimson imp (D:13)
  A centaur zombie (D:12)
  6 orc priests
  A giant frog zombie (D:10)
  2 orc wizards (Orc:2)
  5 orcs
  3 kobolds
  A plant (Lair:8)
81 creatures vanquished.

Vanquished Creatures (others)
  A tengu reaver (Vaults:2)
  A vault guard (Vaults:2)
  A jumping spider (Spider:1)
  A human (Spider:1)
  A boggart (Vaults:1)
  3 orcs (Orc:2)
  3 bushes (D:14)
  31 fungi
  26 plants
  16 toadstools (D:5)
  2 withered plants (Swamp:3)
86 creatures vanquished.

Grand Total: 1756 creatures vanquished

Notes
Turn   | Place    | Note
--------------------------------------------------------------
     0 | D:1      | kroki the Minotaur Berserker began the quest for the Orb.
     0 | D:1      | Reached XP level 1. HP: 19/19 MP: 0/0
     0 | D:1      | Upgraded the game from 0.18-a0-1203-gbde16db to 0.18-a0-1211-g828307d
     0 | D:1      | Upgraded the game from 0.18-a0-1211-g828307d to 0.18-a0-1243-g9e52518
    95 | D:1      | Reached skill level 4 in Axes
    98 | D:1      | Reached XP level 2. HP: 17/27 MP: 1/1
   349 | D:1      | Reached skill level 4 in Fighting
   646 | D:1      | Reached XP level 3. HP: 33/33 MP: 2/2
  1029 | D:1      | Reached ** piety under Trog
  1102 | D:2      | Noticed Robin
  1115 | D:2      | Killed Robin
  1115 | D:2      | Reached skill level 5 in Axes
  1457 | D:2      | Reached XP level 4. HP: 41/41 MP: 3/3
  1897 | D:2      | Noticed Natasha
  1908 | D:2      | Killed Natasha
  1908 | D:2      | Reached skill level 5 in Fighting
  2010 | D:2      | Noticed Natasha
  2063 | D:2      | Killed Natasha
  2168 | D:2      | Reached *** piety under Trog
  2168 | D:2      | Reached XP level 5. HP: 48/48 MP: 4/4
  2746 | D:3      | Noticed Jessica
  2752 | D:3      | Killed Jessica
  2752 | D:3      | Reached skill level 6 in Axes
  2985 | D:3      | Found a glowing drain.
  2989 | Sewer    | Entered a sewer
  3356 | Sewer    | Reached skill level 7 in Axes
  3356 | Sewer    | Reached XP level 6. HP: 51/57 MP: 5/5
  3550 | Sewer    | Reached skill level 6 in Fighting
  3593 | Sewer    | Reached **** piety under Trog
  4266 | D:3      | Received a gift from Trog
  4272 | D:3      | Reached XP level 7. HP: 55/64 MP: 6/6
  4463 | D:4      | Reached skill level 8 in Axes
  4814 | D:4      | Reached skill level 7 in Fighting
  5266 | D:4      | Noticed Menkaure
  5280 | D:4      | Reached skill level 9 in Axes
  5326 | D:4      | Killed Menkaure
  5494 | D:4      | Reached XP level 8. HP: 72/74 MP: 7/7
  5643 | D:4      | Found a staircase to the Ecumenical Temple.
  5893 | D:4      | Noticed Crazy Yiuf
  5900 | D:4      | Killed Crazy Yiuf
  6151 | D:5      | Entered Level 5 of the Dungeon
  6191 | D:5      | Reached skill level 10 in Axes
  6241 | D:5      | Reached skill level 8 in Fighting
  6679 | D:5      | Found a blossoming altar of Fedhas.
  6700 | D:5      | Noticed an oklob plant
  7330 | D:6      | Reached skill level 11 in Axes
  7904 | D:6      | Reached ***** piety under Trog
  8127 | D:7      | Found Maall's Food Shop.
  8134 | D:7      | Found an opulent altar of Gozag.
  8171 | D:7      | Reached skill level 9 in Fighting
  8198 | D:7      | Found Fiuzas's Gadget Boutique.
  8266 | D:7      | Reached XP level 9. HP: 71/83 MP: 8/8
  8280 | D:7      | Found Qegrad's Food Shoppe.
  8336 | D:7      | Received a gift from Trog
  8349 | D:7      | Found a sand-covered staircase.
  8374 | Ossuary  | Entered an ossuary
  8928 | Ossuary  | Reached skill level 12 in Axes
  9483 | D:7      | Reached skill level 3 in Armour
  9556 | D:7      | Found Yvuqutt's Assorted Antiques.
  9559 | D:7      | Bought a slimy amber ring for 140 gold pieces
  9559 | D:7      | Bought a scroll labeled GIBRO DUS PIL for 28 gold pieces
  9559 | D:7      | Bought a runed platinum amulet for 140 gold pieces
  9561 | D:7      | Identified the ring of Zoleghy {rElec rN+ Int-2 Dex+6 SInv} (You bought it in a shop on level 7 of the Dungeon)
  9689 | D:8      | Found Doudwoe's Antique Weapon Emporium.
 10225 | D:8      | Reached skill level 4 in Armour
 10227 | D:8      | Reached skill level 10 in Fighting
 10227 | D:8      | Reached skill level 13 in Axes
 10334 | D:8      | Found Rown's Assorted Antiques.
 10396 | D:8      | Reached skill level 5 in Armour
 10685 | D:8      | Found Ruroig's Armour Shop.
 10714 | D:8      | Reached XP level 10. HP: 81/94 MP: 9/9
 10821 | D:8      | Found Wueseki's Weapon Shoppe.
 11867 | D:9      | Reached skill level 1 in Evocations
 11908 | D:9      | Received a gift from Trog
 11910 | D:9      | Reached skill level 2 in Evocations
 12341 | D:9      | Reached skill level 3 in Evocations
 12626 | D:9      | Noticed Erica
 12642 | D:9      | Killed Erica
 12642 | D:9      | Reached skill level 5 in Evocations
 12901 | D:9      | Found a staircase to the Orcish Mines.
 12974 | D:10     | Entered Level 10 of the Dungeon
 13281 | D:10     | Reached skill level 11 in Fighting
 13281 | D:10     | Reached skill level 6 in Armour
 13510 | D:10     | Reached XP level 11. HP: 102/102 MP: 14/14
 13590 | D:10     | Noticed a hill giant
 13606 | D:10     | Killed a hill giant
 13606 | D:10     | Reached skill level 7 in Armour
 13874 | D:10     | Noticed a hill giant
 13888 | D:10     | Killed a hill giant
 13888 | D:10     | Received a gift from Trog
 14185 | D:11     | Found a staircase to the Lair.
 14300 | D:11     | Reached skill level 12 in Fighting
 14310 | D:11     | Reached skill level 8 in Armour
 14358 | D:11     | Reached skill level 14 in Axes
 14913 | D:11     | Identified a scroll of acquirement
 14914 | D:11     | Got an ichor-stained buckler
 14916 | D:11     | Identified the -2 buckler "Plog" {*Corrode rElec Str+6} (You acquired it on level 11 of the Dungeon)
 15155 | D:11     | Noticed a cyan ugly thing
 15169 | D:11     | Killed a cyan ugly thing
 15357 | D:11     | Noticed a hill giant
 15364 | D:11     | Killed a hill giant
 15832 | Lair:1   | Entered Level 1 of the Lair of Beasts
 15894 | Lair:1   | Reached skill level 9 in Armour
 16212 | D:8      | Bought the +2 cloak of the Grue {+Inv Regen+ Dex-4} for 221 gold pieces
 16360 | Lair:1   | Reached skill level 15 in Axes
 16577 | Lair:1   | Noticed Grum
 16584 | Lair:1   | Killed Grum
 16819 | Lair:1   | Reached XP level 12. HP: 86/113 MP: 5/15
 17016 | Lair:1   | Reached skill level 13 in Fighting
 17241 | Lair:1   | Reached skill level 10 in Armour
 17891 | Lair:2   | Received a gift from Trog
 17933 | Lair:2   | Reached skill level 16 in Axes
 18639 | Lair:2   | Noticed Nergalle
 18656 | Lair:2   | Killed Nergalle
 19411 | Lair:3   | Received a gift from Trog
 19695 | Lair:3   | Found a hole to the Spider Nest.
 20205 | Lair:3   | Reached skill level 11 in Armour
 20253 | Lair:3   | Reached skill level 14 in Fighting
 20487 | Lair:3   | Reached skill level 17 in Axes
 20512 | Lair:3   | Reached skill level 3 in Dodging
 21004 | Lair:4   | Reached XP level 13. HP: 114/124 MP: 16/16
 21429 | Lair:4   | Found a staircase to the Swamp.
 22010 | Lair:5   | Found a labyrinth entrance.
 22015 | Lair:5   | Reached ****** piety under Trog
 22015 | Lair:5   | Reached skill level 4 in Dodging
 22020 | Lab      | Entered a labyrinth
 22065 | Lab      | Noticed a minotaur
 22072 | Lab      | Killed a minotaur
 22093 | Lab      | Got a faintly glowing crystal plate armour
 22093 | Lab      | Got a ring of the Octopus King
 22095 | Lab      | Received a gift from Trog
 22108 | Lab      | Identified the +5 crystal plate armour "Odysmysk" {rPois Int+5} (You found it in a labyrinth)
 22110 | Lab      | Identified a ring of the Octopus King {rF+ AC+1 EV+1 Str+1 Int+1 Dex+1} (You found it in a labyrinth)
 22462 | Lair:5   | Reached skill level 12 in Armour
 22882 | Lair:5   | Received a gift from Trog
 23270 | Lair:6   | Reached skill level 15 in Fighting
 23270 | Lair:6   | Reached skill level 5 in Dodging
 24023 | Lair:6   | Reached skill level 18 in Axes
 24549 | Lair:7   | Reached XP level 14. HP: 125/135 MP: 17/17
 24550 | Lair:7   | Received a gift from Trog
 24606 | Lair:7   | Found a dark tunnel.
 24615 | Volcano  | Entered a volcano
 24759 | Volcano  | Received a gift from Trog
 25038 | Lair:7   | Reached skill level 13 in Armour
 25319 | Lair:7   | Found a radiant altar of Vehumet.
 25353 | Lair:7   | Found a shattered altar of Ashenzari.
 25758 | Lair:8   | Entered Level 8 of the Lair of Beasts
 25935 | Lair:8   | Reached skill level 6 in Dodging
 26222 | Lair:8   | Received a gift from Trog
 26267 | Lair:8   | Found a runed door.
 26267 | Lair:8   | Found a viscous altar of Jiyva.
 26269 | Lair:8   | Found a staircase to the Slime Pits.
 26538 | Lair:8   | Reached skill level 16 in Fighting
 26784 | Lair:8   | Got a fine robe
 26786 | Lair:8   | Got a bloodstained scale mail
 26790 | Lair:8   | Got a steaming tin ring
 26792 | Lair:8   | Identified the ring "Zibivur" {Ice Int+4 Slay+3} (You found it on level 8 of the Lair of Beasts)
 26797 | Lair:8   | Got a translucent ring mail
 26817 | Lair:8   | Identified the cursed +0 scale mail of Experimentation {rF- Str+2 Int+5} (You found it on level 8 of the Lair of Beasts)
 26828 | Lair:8   | Identified the +4 ring mail "Haffywus" {rPois Str+4 Slay-5} (You found it on level 8 of the Lair of Beasts)
 26973 | Lair:8   | Received a gift from Trog
 27084 | Lair:8   | Noticed an acid blob
 27330 | Lair:8   | Killed an acid blob
 27330 | Lair:8   | Reached skill level 14 in Armour
 27335 | Lair:8   | Reached skill level 7 in Dodging
 27931 | Orc:1    | Entered Level 1 of the Orcish Mines
 27957 | Orc:1    | Noticed an orc warlord
 27966 | Orc:1    | Killed an orc warlord
 27966 | Orc:1    | Reached skill level 19 in Axes
 28090 | Orc:2    | Entered Level 2 of the Orcish Mines
 28094 | Orc:2    | Received a gift from Trog
 28557 | Orc:2    | Found a staircase to the Elven Halls.
 28704 | Orc:2    | Found Zangun's Assorted Antiques.
 28770 | Orc:2    | Noticed an orc warlord
 28770 | Orc:2    | Received a gift from Trog
 28780 | Orc:2    | Paralysed by an orc sorcerer for 7 turns
 28826 | Orc:2    | Killed an orc warlord
 28838 | Orc:2    | Reached XP level 15. HP: 121/145 MP: 18/18
 28894 | Orc:2    | Noticed Azrael
 28932 | Orc:2    | Killed Azrael
 29175 | Orc:2    | Received a gift from Trog
 29220 | Orc:2    | Found Ituomina's General Store.
 29221 | Orc:2    | Found Kutt's Jewellery Emporium.
 29224 | Orc:2    | Found Beerasche's Antique Armour Shoppe.
 29224 | Orc:2    | Found Fijeehex's Antique Weapon Shoppe.
 29470 | Orc:2    | Bought a potion of agility for 68 gold pieces
 29470 | Orc:2    | Bought a potion of curing for 51 gold pieces
 29470 | Orc:2    | Bought a potion of heal wounds for 85 gold pieces
 29470 | Orc:2    | Bought a scroll of teleportation for 51 gold pieces
 29470 | Orc:2    | Bought a scroll of identify for 34 gold pieces
 29470 | Orc:2    | Bought a scroll of fog for 34 gold pieces
 29608 | D:8      | Bought a scroll of immolation for 77 gold pieces
 29608 | D:8      | Bought a glowing granite ring for 110 gold pieces
 29608 | D:8      | Bought a potion of lignification for 66 gold pieces
 29655 | D:8      | Bought a +1 pair of boots of flying for 181 gold pieces
 29662 | D:8      | Gained mutation: You are agile. (Dex +2) [potion of mutation]
 29662 | D:8      | Gained mutation: Armour fits poorly on your strangely shaped body. [potion of mutation]
 29663 | D:8      | Gained mutation: You occasionally shout uncontrollably at your foes. [potion of mutation]
 29663 | D:8      | Gained mutation: You evolve. [potion of mutation]
 29664 | D:8      | Lost mutation: You are agile. (Dex +2) [potion of cure mutation]
 29664 | D:8      | Lost mutation: Armour fits poorly on your strangely shaped body. [potion of cure mutation]
 29664 | D:8      | Lost mutation: You evolve. [potion of cure mutation]
 29664 | D:8      | Lost mutation: You occasionally shout uncontrollably at your foes. [potion of cure mutation]
 29789 | D:12     | Noticed Rupert
 29794 | D:12     | Killed Rupert
 29959 | D:12     | Reached skill level 8 in Dodging
 30130 | D:12     | Received a gift from Trog
 30382 | D:12     | Found a portal to a secret trove of treasure.
 30927 | D:12     | Gained mutation: Your spells are a little harder to cast, but a little more powerful. [potion of beneficial mutation]
 30996 | D:13     | Noticed Nessos
 31006 | D:13     | Noticed Sonja
 31022 | D:13     | Killed Sonja
 31032 | D:13     | Killed Nessos
 31034 | D:13     | Reached skill level 17 in Fighting
 31237 | D:13     | Reached skill level 15 in Armour
 31354 | D:13     | Found a gate to the Vaults.
 31647 | D:13     | Found Boraen's Food Shop.
 31722 | D:13     | Noticed Josephine
 31729 | D:13     | Killed Josephine
 31936 | D:14     | Received a gift from Trog
 31978 | D:14     | Got a pair of heavily runed boots
 31989 | D:14     | Identified the +1 pair of boots of the Wilderness {Regen+ SInv} (You acquired it on level 14 of the Dungeon)
 32661 | D:14     | Reached skill level 9 in Dodging
 32826 | D:14     | Received a gift from Trog
 32960 | D:14     | Reached skill level 20 in Axes
 33157 | D:15     | Entered Level 15 of the Dungeon
 33193 | D:15     | Paralysed by an orc sorcerer for 4 turns
 33236 | D:15     | Found a staircase to the Depths.
 33288 | D:15     | Found a frozen archway.
 33302 | D:15     | Reached XP level 16. HP: 141/157 MP: 16/19
 33313 | IceCv    | Entered an ice cave
 33409 | IceCv    | Identified a +2 iron rod (10/10) (You found it in an ice cave)
 33567 | D:15     | Received a gift from Trog
 33681 | D:15     | Reached skill level 16 in Armour
 33866 | D:15     | Found a stormy altar of Qazlal.
 33979 | Depths:1 | Entered Level 1 of the Depths
 33979 | Depths:1 | Noticed Sojobo
 34186 | D:7      | Bought a sack of spiders for 220 gold pieces
 34186 | D:7      | Bought a sack of spiders for 220 gold pieces
 34377 | Spider:1 | Entered Level 1 of the Spider Nest
 34533 | Spider:1 | Noticed Roxanne
 34547 | Spider:1 | Noticed Louise
 34557 | Spider:1 | Killed Louise
 34557 | Spider:1 | Reached skill level 18 in Fighting
 34581 | Spider:1 | Noticed Agnes
 34589 | Spider:1 | Noticed Kirke
 34591 | Spider:1 | Killed Agnes
 34591 | Spider:1 | Received a gift from Trog
 34591 | Spider:1 | Reached skill level 6 in Evocations
 34596 | Spider:1 | Killed Kirke
 34615 | Spider:1 | Killed Roxanne
 34727 | Spider:1 | Noticed Donald
 34738 | Spider:1 | Killed Donald
 34738 | Spider:1 | Reached skill level 10 in Dodging
 35127 | Spider:2 | You fall through a shaft!
 35223 | Spider:4 | Entered Level 4 of the Spider Nest
 35325 | Spider:2 | Received a gift from Trog
 36847 | Spider:3 | Reached skill level 11 in Dodging
 37045 | Spider:3 | Received a gift from Trog
 37078 | Spider:3 | Reached skill level 17 in Armour
 37414 | Spider:4 | Reached XP level 17. HP: 156/166 MP: 7/21
 37416 | Spider:4 | Reached skill level 7 in Evocations
 37516 | Spider:3 | Received a gift from Trog
 37608 | Spider:3 | Reached skill level 19 in Fighting
 37697 | Swamp:1  | Entered Level 1 of the Swamp
 38508 | Swamp:1  | Got a crude golden ring
 38509 | Swamp:1  | Identified the ring "Woesuhoi" {Ice rN+ MP+9 Slay-2} (You found it on level 1 of the Swamp)
 39625 | Swamp:3  | Noticed a tentacled monstrosity
 39636 | Swamp:3  | Killed a tentacled monstrosity
 39778 | Swamp:3  | Reached skill level 12 in Dodging
 39863 | Swamp:3  | Received a gift from Trog
 41150 | Swamp:4  | Entered Level 4 of the Swamp
 41154 | Swamp:4  | Noticed Aizul
 41166 | Swamp:4  | Killed Aizul
 41166 | Swamp:4  | Received a gift from Trog
 41203 | Swamp:4  | Noticed the 27-headed Lernaean hydra
 41209 | Swamp:4  | Killed the 26-headed Lernaean hydra
 41209 | Swamp:4  | Reached skill level 8 in Evocations
 41221 | Swamp:4  | Reached skill level 18 in Armour
 41227 | Swamp:4  | Got a warped battleaxe {god gift}
 41228 | Swamp:4  | Identified the +1 battleaxe "Siskeage" {chop, rF+ Stlth+} (Trog gifted it to you on level 4 of the Swamp)
 41844 | Swamp:4  | Reached XP level 18. HP: 175/178 MP: 23/23
 41876 | Swamp:4  | Reached skill level 13 in Dodging
 41977 | Swamp:4  | Reached skill level 20 in Fighting
 42038 | Swamp:4  | Got a decaying rune of Zot
 42725 | Vaults:1 | Entered Level 1 of the Vaults
 42771 | Vaults:1 | Received a gift from Trog
 43576 | Vaults:1 | Received a gift from Trog
 44396 | Vaults:2 | Noticed Jorgrun
 44408 | Vaults:2 | Killed Jorgrun
 44414 | Vaults:2 | Reached skill level 19 in Armour
 44416 | Vaults:2 | Reached skill level 14 in Dodging
 45025 | Vaults:2 | Found a staircase to the Crypt.
 45119 | Vaults:2 | Received a gift from Trog
 45330 | Vaults:2 | HP: 32/178 [tengu reaver/bolt of magma (31)]
 45331 | Vaults:2 | HP: 2/178 [tengu reaver/fireball (32)]
 45339 | Vaults:2 | Killed from afar by a necromancer

Vault maps used:
D:1:      grunt_arrival_lava_bath, serial_bayou_pond_b,
          minmay_tree_intersection, minmay_misc_feat_five
D:2:      minmay_cupped, uniq_robin, uniq_natasha
D:3:      gup_sewer_entry_spiral, uniq_jessica
D:4:      lemuel_temple_firewalk, uniq_menkaure, uniq_crazy_yiuf_cottage
D:5:      tgw_fedhas, first_bread, minmay_mini_ossuary
D:7:      kennysheep_mini, gup_ossuary_entry_pyramid, serial_shops, shop,
          kennysheep_mini_moat, shop, shop, grunt_decor_arrowhead
D:8:      serial_shops, nicolae_shop_statue_plus, shop_fountains, shop, shop
D:9:      david_orc_4, uniq_erica
D:11:     minmay_lair_entry_lava, stair_cage_cross
D:12:     boulder_corridor_run, nicolae_trove_entry_diagonal, uniq_rupert
D:13:     david_vaults_4, serial_shops, nicolae_shop_trees, grunt_tengu_nest,
          minmay_misc_feat_chi, uniq_josephine, uniq_sonja, uniq_nessos
D:14:     serial_park_gazebo
D:15:     grunt_enter_depths_magical_seal, portal_ice_cave_entry_dragon,
          hangedman_abyss_or_decor_slice, nicolae_qazlal_eye_of_the_storm
Lair:1:   minmay_lair_venomous_thicket, grunt_megastairs_2,
          serial_bayou_shore_a, bh_autumn_forest_stairs, uniq_grum
Lair:2:   st_stairs_13, serial_bayou_shore_b, uniq_nergalle
Lair:3:   spider_nest_entry_webs, minivault_27, infiniplex_staircase_pool
Lair:4:   minmay_swamp_entry_worms, beast_lair_carwin_4, serial_bayou_shore_b,
          serial_bayou_shore_b, lemuel_fruit_tree
Lair:5:   lab_entry_generic, minmay_hedge_maze, lemuel_fruit_fields
Lair:6:   pond_and_an_island_with_a_cottage, grunt_forest_small_clearing_treed
Lair:7:   basic_altar, nicolae_volcano_entry_vermiform,
          nicolae_quartered_pool_medium, lemuel_centaur_altar
Lair:8:   minmay_lair_end_frog_pond, slime_altar_2, wad_woods_road_02,
          infiniplex_staircase_pool_2
Swamp:1:  evilmike_swamp_ruin_house_3
Swamp:2:  hangedman_swamp_cone
Swamp:3:  cheibrodos_swamp_mausoleum, evilmike_swamp_ruin_wall
Swamp:4:  swamp, uniq_aizul
Spider:1: uniq_donald, uniq_kirke, uniq_agnes, uniq_louise, uniq_roxanne
Spider:2: hangedman_spider_trapstep
Spider:4: guppyfry_spider_rune
Orc:2:    st_orc_congregation, serial_shops, shop, uniq_azrael
Vaults:1: st_spiral_rooms, hangedman_vaults_pinch,
          nicolae_vaults_little_squares_5, ontoclasm_vaults_shuriken
Vaults:2: nicolae_vaults_ninety_degrees, nicolae_vaults_angled_halls,
          grunt_vaults_funnel, nicolae_vaults_circle_grid_b,
          dpeg_vaults_pockets_of_resistance, v_misc_18,
          minmay_crypt_entry_simple_round, v_pattern_2,
          vaults_room_mumra_shop_pool, vaults_dpeg_spiral,
          ontoclasm_vaults_misaligned, uniq_jorgrun
Depths:1: enter_ziggurat_d, kennysheep_pointless_box, grunt_hell_entry_dis_mu,
          abyss_entry, hangedman_decor_points, grunt_decor_cap, minivault_15,
          solitary_fountain, roderic_cross_of_infinity,
          statue_in_the_mist_lemuel, kennysheep_doodads, minivault_16,
          minmay_three_doors, serial_bayou_shore_b, uniq_sojobo
Lab:      labyrinth_hidden_loot, nicolae_lab_plus, nicolae_lab_x,
          nicolae_lab_lava, lab_block
Sewer:    sewer_co_tree
Ossuary:  ossuary_boxes_badplayer
IceCv:    ice_cave_statue_garden_01
Volcano:  volcano_pools

Action                   |  1- 3 |  4- 6 |  7- 9 | 10-12 | 13-15 | 16-18 || total
-------------------------+-------+-------+-------+-------+-------+-------++-------
Melee: Hand axe          |    48 |   154 |   278 |       |       |       ||   480
       Whip              |       |       |    19 |   234 |       |       ||   253
       Executioner's axe |       |       |       |   269 |       |       ||   269
       Battleaxe         |       |       |       |   229 |  1271 |  1607 ||  3107
       Scimitar          |       |       |       |       |    23 |    39 ||    62
Throw: Javelin           |    17 |    78 |   193 |    68 |       |       ||   356
       Tomahawk          |       |       |     3 |       |       |       ||     3
Invok: Berserk           |     2 |     2 |     7 |    10 |     4 |     1 ||    26
       Trog's Hand       |       |       |       |     3 |     6 |     4 ||    13
       Brothers in Arms  |       |       |       |     5 |     9 |     6 ||    20
       Burn Spellbooks   |       |       |       |     1 |     5 |     3 ||     9
 Abil: Evoke Invisibilit |       |       |       |       |       |     1 ||     1
Evoke: Wand              |       |       |     8 |    14 |     7 |    16 ||    45
       Deck              |       |       |       |     6 |     6 |     1 ||    13
       Phial of floods   |       |       |       |       |     2 |     2 ||     4
       Fan of gales      |       |       |       |       |     1 |     4 ||     5
       Sack of spiders   |       |       |       |       |       |     4 ||     4
  Use: Scroll            |       |     6 |    13 |    15 |    13 |    15 ||    62
       Potion            |       |       |     1 |       |     5 |     3 ||     9
 Stab: Paralysed         |       |       |       |     8 |       |       ||     8
       Distracted        |       |       |       |       |     1 |     1 ||     2
       Invisible         |       |       |       |       |       |     7 ||     7
       Confused          |       |       |       |       |       |     3 ||     3
  Eat: Bread ration      |     1 |     1 |     1 |     1 |       |     4 ||     8
       Chunk             |       |     4 |    11 |    30 |    28 |       ||    73
       Pizza             |       |     1 |       |     2 |     1 |     1 ||     5
       Meat ration       |       |       |     2 |     2 |     4 |     5 ||    13
       Royal jelly       |       |       |     1 |       |       |       ||     1
       Beef jerky        |       |       |     1 |       |       |       ||     1
       Fruit             |       |       |       |       |     1 |       ||     1

Vault maps used:
D:1:      grunt_arrival_lava_bath, serial_bayou_pond_b,
          minmay_tree_intersection, minmay_misc_feat_five
D:2:      minmay_cupped, uniq_robin, uniq_natasha
D:3:      gup_sewer_entry_spiral, uniq_jessica
D:4:      lemuel_temple_firewalk, uniq_menkaure, uniq_crazy_yiuf_cottage
D:5:      tgw_fedhas, first_bread, minmay_mini_ossuary
D:7:      kennysheep_mini, gup_ossuary_entry_pyramid, serial_shops, shop,
          kennysheep_mini_moat, shop, shop, grunt_decor_arrowhead
D:8:      serial_shops, nicolae_shop_statue_plus, shop_fountains, shop, shop
D:9:      david_orc_4, uniq_erica
D:11:     minmay_lair_entry_lava, stair_cage_cross
D:12:     boulder_corridor_run, nicolae_trove_entry_diagonal, uniq_rupert
D:13:     david_vaults_4, serial_shops, nicolae_shop_trees, grunt_tengu_nest,
          minmay_misc_feat_chi, uniq_josephine, uniq_sonja, uniq_nessos
D:14:     serial_park_gazebo
D:15:     grunt_enter_depths_magical_seal, portal_ice_cave_entry_dragon,
          hangedman_abyss_or_decor_slice, nicolae_qazlal_eye_of_the_storm
Lair:1:   minmay_lair_venomous_thicket, grunt_megastairs_2,
          serial_bayou_shore_a, bh_autumn_forest_stairs, uniq_grum
Lair:2:   st_stairs_13, serial_bayou_shore_b, uniq_nergalle
Lair:3:   spider_nest_entry_webs, minivault_27, infiniplex_staircase_pool
Lair:4:   minmay_swamp_entry_worms, beast_lair_carwin_4, serial_bayou_shore_b,
          serial_bayou_shore_b, lemuel_fruit_tree
Lair:5:   lab_entry_generic, minmay_hedge_maze, lemuel_fruit_fields
Lair:6:   pond_and_an_island_with_a_cottage, grunt_forest_small_clearing_treed
Lair:7:   basic_altar, nicolae_volcano_entry_vermiform,
          nicolae_quartered_pool_medium, lemuel_centaur_altar
Lair:8:   minmay_lair_end_frog_pond, slime_altar_2, wad_woods_road_02,
          infiniplex_staircase_pool_2
Swamp:1:  evilmike_swamp_ruin_house_3
Swamp:2:  hangedman_swamp_cone
Swamp:3:  cheibrodos_swamp_mausoleum, evilmike_swamp_ruin_wall
Swamp:4:  swamp, uniq_aizul
Spider:1: uniq_donald, uniq_kirke, uniq_agnes, uniq_louise, uniq_roxanne
Spider:2: hangedman_spider_trapstep
Spider:4: guppyfry_spider_rune
Orc:2:    st_orc_congregation, serial_shops, shop, uniq_azrael
Vaults:1: st_spiral_rooms, hangedman_vaults_pinch,
          nicolae_vaults_little_squares_5, ontoclasm_vaults_shuriken
Vaults:2: nicolae_vaults_ninety_degrees, nicolae_vaults_angled_halls,
          grunt_vaults_funnel, nicolae_vaults_circle_grid_b,
          dpeg_vaults_pockets_of_resistance, v_misc_18,
          minmay_crypt_entry_simple_round, v_pattern_2,
          vaults_room_mumra_shop_pool, vaults_dpeg_spiral,
          ontoclasm_vaults_misaligned, uniq_jorgrun
Depths:1: enter_ziggurat_d, kennysheep_pointless_box, grunt_hell_entry_dis_mu,
          abyss_entry, hangedman_decor_points, grunt_decor_cap, minivault_15,
          solitary_fountain, roderic_cross_of_infinity,
          statue_in_the_mist_lemuel, kennysheep_doodads, minivault_16,
          minmay_three_doors, serial_bayou_shore_b, uniq_sojobo
Lab:      labyrinth_hidden_loot, nicolae_lab_plus, nicolae_lab_x,
          nicolae_lab_lava, lab_block
Sewer:    sewer_co_tree
Ossuary:  ossuary_boxes_badplayer
IceCv:    ice_cave_statue_garden_01
Volcano:  volcano_pools

Table legend:
 A = Turns spent in this place as a percentage of turns spent in the entire game.
 B = Non-inter-level travel turns spent in this place as a percentage of non-inter-level travel turns spent in the entire game.
 C = Inter-level travel turns spent in this place as a percentage of turns spent in this place.
 D = Turns resting spent in this place as a percentage of non-inter-level travel turns spent in this place.
 E = Turns spent auto-exploring this place as a percentage of non-inter-level travel turns spent in this place.
 F = Non-inter-level travel turns spent in this place divided by the number of levels of this place that you've seen.
                   A       B       C       D       E      F
               +-------+-------+-------+-------+-------+----------------------
         Total | 100.0 | 100.0 |   0.4 |   0.7 |   6.6 | 496.5
       Dungeon |  34.5 |  34.4 |   0.8 |   1.2 |   7.5 | 467.3
          Lair |  27.3 |  27.3 |   0.3 |   0.3 |   5.8 | 694.8
         Swamp |  11.6 |  11.7 |   0.2 |   0.1 |   6.6 | 594.5
   Spider Nest |   9.5 |   9.5 |   0.5 |   0.5 |   4.8 | 483.5
  Orcish Mines |   4.8 |   4.8 |   0.5 |   1.2 |   9.2 | 484.0
        Vaults |   6.4 |   6.4 |   0.1 |   0.9 |   5.9 | 655.5
        Depths |   0.0 |   0.0 |   0.0 |   0.0 |   0.0 |   3.0
     Labyrinth |   0.5 |   0.5 |   0.0 |   4.7 |   0.0 | 106.0
         Sewer |   2.2 |   2.3 |   0.0 |   0.0 |   4.8 | 460.0
       Ossuary |   2.3 |   2.3 |   0.0 |   0.0 |   8.3 | 468.0
      Ice Cave |   0.3 |   0.3 |   0.0 |   0.0 |  12.3 |  65.0
       Volcano |   0.5 |   0.5 |   0.0 |   0.0 |  12.4 |  97.0
               +-------+-------+-------+-------+-------+----------------------

Table legend:
 A = Kills in this place as a percentage of kills in entire the game.
 B = Kills by you in this place as a percentage of kills by you in the entire game.
 C = Kills by friends in this place as a percentage of kills by friends in the entire game.
 D = Other kills in this place as a percentage of other kills in the entire game.
 E = Experience gained in this place as a percentage of experience gained in the entire game.
 F = Experience gained in this place divided by the number of levels of this place that you have seen.
                   A       B       C       D       E      F
               +-------+-------+-------+-------+-------+----------------------
         Total | 100.0 | 100.0 | 100.0 | 100.0 | 100.0 | 8977.7
       Dungeon |  30.8 |  31.2 |  25.0 |   0.0 |  18.7 | 4588.2
          Lair |  26.9 |  27.2 |  21.2 |  20.0 |  19.5 | 8955.8
         Swamp |  11.1 |  11.1 |  12.5 |   0.0 |  20.3 | 18706.2
   Spider Nest |   9.5 |   9.3 |  11.2 |  20.0 |  15.4 | 14183.5
  Orcish Mines |   8.6 |   7.8 |  23.8 |   0.0 |   5.4 | 9975.5
        Vaults |   8.1 |   8.0 |   6.2 |  60.0 |  19.2 | 35338.5
     Labyrinth |   0.2 |   0.2 |   0.0 |   0.0 |   0.4 | 1532.0
         Sewer |   1.7 |   1.8 |   0.0 |   0.0 |   0.1 | 383.0
       Ossuary |   2.2 |   2.4 |   0.0 |   0.0 |   0.1 | 362.0
      Ice Cave |   0.5 |   0.6 |   0.0 |   0.0 |   0.5 | 1806.0
       Volcano |   0.4 |   0.4 |   0.0 |   0.0 |   0.4 | 1345.0
               +-------+-------+-------+-------+-------+----------------------
